 Dungeon Crawl Stone Soup version 0.21.1-1-g345015fe64 (webtiles) character file.

1217 Htamos the Magician (level 8, -3/39 HPs)
             Began as a Spriggan Venom Mage on July 2, 2018.
             Killed by nerve-wracking pain
             ... invoked by a shadow imp
              (14 damage)
             ... on level 5 of the Dungeon.
             The game lasted 00:42:13 (10173 turns).

Htamos the Magician (Spriggan Venom Mage)          Turns: 10173, Time: 00:42:14

Health: -3/39      AC:  2    Str:  4    XL:     8   Next: 22%
Magic:  18/18      EV: 20    Int: 19    God:
Gold:   279        SH:  0    Dex: 20    Spells: 16/19 levels left

rFire    . . .     SeeInvis +   t - +0 spear (pain)
rCold    . . .     Gourm    .   (shield restricted)
rNeg     . . .     Faith    .   a - +0 robe
rPois    .         Spirit   .   (helmet restricted)
rElec    .         Reflect  .   (no cloak)
rCorr    .         Harm     .   (gloves unavailable)
MR       +....                  (boots unavailable)
Stlth    +++.......             (no amulet)
HPRegen  0.13/turn              i - +4 ring of dexterity
MPRegen  0.16/turn              (no ring)

@: very quick
A: very small, unfitting armour, see invisible, herbivore, speed 3, slow
metabolism 2
a: no special abilities


You were on level 5 of the Dungeon.
You were not hungry.

You visited 1 branch of the dungeon, and saw 5 of its levels.

You collected 279 gold pieces.

Inventory:

Hand Weapons
 t - a +0 spear of pain (weapon)
Missiles
 f - 241 stones (quivered)
 o - 2 throwing nets
 u - 7 steel tomahawks
Armour
 a - a +0 robe (worn)
Jewellery
 i - a +4 ring of dexterity (left hand)
Wands
 k - a wand of iceblast (3)
 x - a wand of disintegration (13)
Scrolls
 d - 3 scrolls of noise
 e - 3 scrolls of amnesia {unknown}
 g - 2 scrolls of teleportation {unknown}
 m - 5 scrolls of identify
 n - 2 scrolls of immolation {unknown}
 p - a scroll of fear {unknown}
 s - a scroll of remove curse
 v - a scroll of random uselessness {unknown}
Potions
 h - 4 potions of curing {unknown}
 j - 3 potions of flight {unknown}
 l - 3 potions of lignification {unknown}
 r - 2 potions of heal wounds {unknown}
 w - 2 potions of degeneration {unknown}
 z - a potion of brilliance {unknown}
Books
 b - a Young Poisoner's Handbook

   Spells                             Type                      Level
   a - Sting                          Conjuration/Poison           1
   b - Poisonous Vapours              Poison/Air                   2
   c - Mephitic Cloud                 Conjuration/Poison/Air       3
   d - Olgreb's Toxic Radiance        Poison                       4
   e - Venom Bolt                     Conjuration/Poison           5
 q - a book of Maledictions

   Spells                             Type                      Level
   a - Corona                         Hexes                        1
   b - Ensorcelled Hibernation        Hexes/Ice                    2
   c - Confuse                        Hexes                        3
   d - Tukima's Dance                 Hexes                        3
   e - Dazzling Spray                 Conjuration/Hexes            3
Comestibles
 c - 6 rations


   Skills:
 * Level 2.9 Fighting
 * Level 0.3 Polearms
 + Level 4.1 Dodging
 + Level 4.0 Stealth
 + Level 6.4 Spellcasting
 + Level 3.0 Conjurations
 * Level 1.4 Air Magic
 * Level 6.2 Poison Magic


You had 16 spell levels left.
You knew the following spells:

 Your Spells              Type           Power        Failure   Level  Hunger
a - Sting                 Conj/Pois      ###.         1%          1    None
b - Poisonous Vapours     Pois/Air       ###...       3%          2    None


Dungeon Overview and Level Annotations

Branches:
Dungeon (5/15)
 Temple: D:4-7

Altars:
Elyvilon


Innate Abilities, Weirdness & Mutations

You are very small and have problems with some larger weapons.
You are too small for most types of armour.
You have supernaturally acute eyesight. (SInv)
You are a herbivore.
You cover ground extremely quickly.
You need consume almost no food.


Message History

The shadow imp gestures at you. Pain shoots through your body!
Attack whom?
Press: ? - help, Dir - move target cursor, f/p - shadow imp
Aim: a shadow imp (almost dead)
You reach to attack!
You barely miss the shadow imp.
The shadow imp is almost dead.
You barely miss the shadow imp.
The shadow imp is almost dead.
The shadow imp closely misses you.
You closely miss the shadow imp.
The shadow imp is almost dead.
The shadow imp gestures at you. Pain shoots through your body!
* * * LOW HITPOINT WARNING * * *
You barely miss the shadow imp.
The shadow imp is almost dead.
The shadow imp gestures at you. Pain shoots through your body!
You die...

##### . ..# ##########.#
#.# #....#...#.#
#.####### #....#...'.
#.#......
#....#...#####........
#....>...'............
#...<..@5##...##.#......
#........#....'..#......
#........#....#### .#...
#####...##....# ....
###.#.##....# #..
#.....##....# #.
#.#.####....#########.
#.#...................
#.####.##...######....


You could see a shadow imp.

Vanquished Creatures
  Sigmund (D:3)
  The ghost of martinkus the Gusty, an amateur DrAE (D:3)
  2 big kobolds (D:3)
  A howler monkey (D:4)
  A bullfrog zombie (D:5)
  A bullfrog skeleton (D:4)
  3 orc wizards
  A centaur skeleton (D:4)
  5 orc priests
  An iguana (D:4)
  4 worker ants
  A hound skeleton (D:4)
  Robin (D:3)
  5 adders
  10 gnolls
  An ooze (D:1)
  3 worms
  4 dart slugs
  A leopard gecko (D:4)
  15 orcs
  A ball python (D:1)
  4 giant cockroaches
  36 goblins
  38 hobgoblins
  20 kobolds
  10 bats
  5 frilled lizards
  8 rats
184 creatures vanquished.

Notes
Turn   | Place    | Note
-------+----------+-------------------------------------------
     0 | D:1      | Htamos the Spriggan Venom Mage began the quest for the Orb.
     0 | D:1      | Reached XP level 1. HP: 9/9 MP: 5/5
    95 | D:1      | Reached XP level 2. HP: 5/13 MP: 3/6
   970 | D:1      | Reached XP level 3. HP: 16/16 MP: 1/8
  1683 | D:1      | Reached skill level 1 in Conjurations
  1724 | D:1      | Reached XP level 4. HP: 16/21 MP: 0/9
  2167 | D:2      | Reached skill level 1 in Fighting
  3450 | D:3      | Noticed martinkus's ghost (amateur DrAE)
  3556 | D:3      | Noticed Sigmund
  3745 | D:2      | Reached XP level 5. HP: 4/25 MP: 1/11
  4097 | D:3      | Learned a level 2 spell: Poisonous Vapours
  5287 | D:3      | Killed Sigmund
  5287 | D:3      | Reached XP level 6. HP: 16/30 MP: 8/14
  5580 | D:3      | Noticed Robin
  5595 | D:3      | Killed Robin
  5595 | D:3      | Reached skill level 5 in Poison Magic
  6464 | D:3      | Reached skill level 5 in Spellcasting
  6885 | D:3      | Reached XP level 7. HP: 35/35 MP: 9/15
  6933 | D:3      | Reached skill level 1 in Air Magic
  8375 | D:3      | Killed martinkus's ghost
  8503 | D:3      | Found a faded altar of an unknown god.
  9182 | D:4      | Reached XP level 8. HP: 39/39 MP: 15/18
  9558 | D:5      | Entered Level 5 of the Dungeon
  9798 | D:5      | Found a white marble altar of Elyvilon.
 10173 | D:5      | Killed from afar by a shadow imp

Skill      XL: |  1  2  3  4  5  6  7  8 |
---------------+-------------------------+-----
Spellcasting   | 3 4 5 6 |  6.4
Poison Magic   | 4 5 6 |  6.2
Conjurations   | 1 2 3 |  3.0
Fighting       | 1 2 |  2.9
Air Magic      | 1 |  1.4
Dodging        | 4 |  4.1
Stealth        | 4 |  4.0
Polearms       | |  0.3

Action                   |  1- 3 |  4- 6 |  7- 9 || total
-------------------------+-------+-------+-------++-------
Melee: Unarmed           |    30 |    34 |       ||    64
       Spear             |       |    10 |   116 ||   126
Throw: Stone             |       |       |    10 ||    10
 Cast: Sting             |    81 |   214 |   162 ||   457
       Poisonous Vapours |       |     7 |       ||     7
Evoke: Wand              |       |       |     5 ||     5
  Use: Scroll            |       |     4 |       ||     4
  Eat: Ration            |       |     1 |     2 ||     3
Armor: Robe              |     2 |     5 |     4 ||    11
Dodge: Dodged            |    52 |    83 |   122 ||   257
